ACL
ACL KANSAS CITY ROYALS @ ACL OTTAWA LYNX
04/29/2042
 
TOP OF THE 1ST
ACL Kansas City Royals batting - Pitching for ACL Ottawa Lynx : RHP Luis Chiostro
Pitching: RHP Luis Chiostro
Batting: RHB Tacito Lombardo 0-0: Bunted foul
0-1: Foul Ball, location: 7LSF
0-2: Foul Ball, location: 5F
0-2: Ball
1-2: Strikes out swinging
Batting: RHB Mike Pruitt 0-0: Foul Ball, location: 2F
0-1: Bunted foul
0-2: Strikes out looking
Batting: RHB Dave Hewitt 0-0: Ball
1-0: Foul Ball, location: 2F
1-1: Ball
2-1: Foul Ball, location: 2F
2-2: Ground out 6-3 (Groundball, 6, EV 89.4 MPH)
Top of the 1st over - 0 runs, 0 hits, 0 errors, 0 left on base; ACL Kansas City 0 - ACL Ottawa 0
BOTTOM OF THE 1ST
ACL Ottawa Lynx batting - Pitching for ACL Kansas City Royals : RHP Jesús Tobías
Pitching: RHP Jesús Tobías
Batting: RHB Yvon Fleury 0-0: Ball
1-0: Ball
2-0: Ball
3-0: Called Strike
3-1: Base on Balls
Batting: LHB Wally Snow 0-0: Ball
Yvon Fleury steals 2nd base
1-0: Fly out, F8 (Flyball, 8LXD, EV 112.5 MPH)
Runner from 2nd tags up, SAFE at 3rd, no throw by CF
Batting: LHB Orlando Martínez 0-0: Ball
1-0: DOUBLE (Line Drive, 89D, EV 100.6 MPH)
Yvon Fleury scores
Batting: SHB Ken Warner 0-0: Foul Ball, location: 7LDF
0-1: Fly out, F8 (Flyball, 78D, EV 78.8 MPH)
Batting: RHB Pat Lee 0-0: Foul Ball, location: 5FF
0-1: Ball
1-1: Ball
2-1: Ball
3-1: Called Strike
3-2: SINGLE (Groundball, 13, EV 70.0 MPH) (infield hit)
Orlando Martínez to third
Batting: RHB Bert Gutiérrez 0-0: Ball
1-0: Called Strike
1-1: Ball
2-1: Fly out, F7 (Flyball, 78D, EV 90.6 MPH)
Bottom of the 1st over - 1 run, 2 hits, 0 errors, 2 left on base; ACL Kansas City 0 - ACL Ottawa 1
TOP OF THE 2ND
ACL Kansas City Royals batting - Pitching for ACL Ottawa Lynx : RHP Luis Chiostro
Batting: LHB Cal Miner 0-0: Ball
1-0: Called Strike
1-1: Ball
2-1: Ball
3-1: Base on Balls
Batting: RHB Jermaine Sullivan 0-0: Sac Bunt to 15S - play at first, batter OUT! 1-3
Cal Miner to second
Batting: LHB Abdul-Jalil bin Hilel 0-0: Ball
1-0: Foul Ball, location: 2RF
1-1: Ball
2-1: Called Strike
2-2: Foul Ball, location: 2F
2-2: Foul Ball, location: 2F
2-2: DOUBLE (Line Drive, 8LD, EV 101.9 MPH)
Cal Miner scores
Batting: RHB Rob Shelton 0-0: Swinging Strike
0-1: Ball
1-1: Ball
2-1: Foul Ball, location: 2RF
2-2: Ball
3-2: Base on Balls
Batting: RHB Jon Ramey 0-0: Ball
1-0: Ball
2-0: Ball
3-0: Foul Ball, location: 2RF
3-1: Called Strike
3-2: Strikes out swinging
Batting: LHB Sammy Cervantes 0-0: Ball
1-0: Called Strike
1-1: Called Strike
1-2: Foul Ball, location: 7LDF
1-2: Ball
2-2: Reached via error on a dropped throw from 1B, E1 (Groundball, 34S, EV 83.8 MPH)
Abdul-Jalil bin Hilel to third
Rob Shelton to second
Batting: RHB Tacito Lombardo 0-0: Ball
1-0: Ball
2-0: Ball
3-0: Called Strike
3-1: Base on Balls
Abdul-Jalil bin Hilel scores
Rob Shelton to third
Sammy Cervantes to second
Batting: RHB Mike Pruitt 0-0: Called Strike
0-1: Fly out, F8 (Flyball, 89M, EV 90.6 MPH)
Top of the 2nd over - 2 runs, 1 hit, 1 error, 3 left on base; ACL Kansas City 2 - ACL Ottawa 1
BOTTOM OF THE 2ND
ACL Ottawa Lynx batting - Pitching for ACL Kansas City Royals : RHP Jesús Tobías
Batting: RHB Joey Oldknow 0-0: Called Strike
0-1: Ball
1-1: Ground out 5-3 (Groundball, 56, EV 68.8 MPH)
Batting: RHB Ed Collier 0-0: Ball
1-0: Called Strike
1-1: Ball
2-1: Ball
3-1: Base on Balls
Batting: RHB Kevin Lucas 0-0: Ball
1-0: Ball
Ed Collier steals 2nd base
2-0: Called Strike
2-1: Foul Ball, location: 9LMF
2-2: Fly out, F7 (Flyball, 78S, EV 91.9 MPH)
Batting: RHB Yvon Fleury 0-0: Ball
1-0: Ground out U3 (Groundball, 3, EV 85.6 MPH)
Bottom of the 2nd over - 0 runs, 0 hits, 0 errors, 1 left on base; ACL Kansas City 2 - ACL Ottawa 1
TOP OF THE 3RD
ACL Kansas City Royals batting - Pitching for ACL Ottawa Lynx : RHP Luis Chiostro
Batting: RHB Dave Hewitt 0-0: Called Strike
0-1: DOUBLE (Line Drive, 5D, EV 95.0 MPH)
Batting: LHB Cal Miner 0-0: Bunt missed!
0-1: Ball
1-1: Swinging Strike
1-2: Ball
2-2: Ball
3-2: Strikes out swinging
Batting: RHB Jermaine Sullivan 0-0: Foul Ball, location: 2RF
0-1: Called Strike
0-2: Foul Ball, location: 9LMF
0-2: Foul Ball, location: 2F
0-2: Foul Ball, location: 23F
0-2: Foul Ball, location: 3FF
0-2: Foul Ball, location: 5DF
0-2: Strikes out swinging
Batting: LHB Abdul-Jalil bin Hilel 0-0: Called Strike
0-1: Called Strike
0-2: Ball
1-2: Ball
2-2: Strikes out swinging
Top of the 3rd over - 0 runs, 1 hit, 0 errors, 1 left on base; ACL Kansas City 2 - ACL Ottawa 1
BOTTOM OF THE 3RD
ACL Ottawa Lynx batting - Pitching for ACL Kansas City Royals : RHP Jesús Tobías
Batting: LHB Wally Snow 0-0: Called Strike
0-1: Foul Ball, location: 5SF
0-2: Ball
1-2: SINGLE (Line Drive, 7LM, EV 101.3 MPH)
Batting: LHB Orlando Martínez 0-0: Ball
1-0: Ball
2-0: Ball
Wally Snow steals 2nd base (no throw)
3-0: Base on Balls
Batting: SHB Ken Warner 0-0: Ball
1-0: Ball
2-0: Ball
3-0: Called Strike
3-1: Base on Balls
Wally Snow to third
Orlando Martínez to second
Batting: RHB Pat Lee 0-0: Ball
1-0: Ball
Wild Pitch!
Wally Snow scores
Orlando Martínez to third
Ken Warner to second
2-0: Ball
3-0: Base on Balls
Batting: RHB Bert Gutiérrez 0-0: Ball
1-0: Swinging Strike
1-1: Fly out, F9 (Flyball, 9, EV 96.9 MPH)
Runner from 3rd tags up, SCORES, throw by RF
Ken Warner to third
Batting: RHB Joey Oldknow 0-0: Ball
1-0: Reached on error, E5 (Groundball, 56S, EV 63.8 MPH)
Ken Warner scores
Pat Lee to second
Batting: RHB Ed Collier 0-0: Called Strike
0-1: Ball
1-1: Ball
2-1: Fly out, F7 (Flyball, 7S, EV 86.3 MPH)
Batting: RHB Kevin Lucas 0-0: Fly out, F3 (Line Drive, 3, EV 63.8 MPH)
Bottom of the 3rd over - 3 runs, 1 hit, 1 error, 2 left on base; ACL Kansas City 2 - ACL Ottawa 4
TOP OF THE 4TH
ACL Kansas City Royals batting - Pitching for ACL Ottawa Lynx : RHP Luis Chiostro
Pitching: RHP Juan Maldonado
Batting: RHB Rob Shelton 0-0: Called Strike
0-1: Called Strike
0-2: Ball
1-2: Strikes out swinging
Batting: RHB Jon Ramey 0-0: Called Strike
0-1: Called Strike
0-2: Ball
1-2: Strikes out swinging
Batting: LHB Sammy Cervantes 0-0: Ball
1-0: Ball
2-0: Called Strike
2-1: Foul Ball, location: 23F
2-2: Ball
3-2: Strikes out swinging
Top of the 4th over - 0 runs, 0 hits, 0 errors, 0 left on base; ACL Kansas City 2 - ACL Ottawa 4
BOTTOM OF THE 4TH
ACL Ottawa Lynx batting - Pitching for ACL Kansas City Royals : RHP Jesús Tobías
Batting: RHB Yvon Fleury 0-0: Foul Ball, location: 9LMF
0-1: Ball
1-1: Foul Ball, location: 2F
1-2: Ground out 6-3 (Groundball, 6, EV 75.6 MPH)
Batting: LHB Wally Snow 0-0: Ball
1-0: Ball
2-0: Ball
3-0: Base on Balls
Batting: LHB Orlando Martínez 0-0: Called Strike
0-1: Ball
1-1: Swinging Strike
1-2: Ball
2-2: Ball
3-2: Strikes out looking
Batting: SHB Ken Warner 0-0: Called Strike
0-1: Called Strike
0-2: Ground out 4-3 (Groundball, 4, EV 85.6 MPH)
Bottom of the 4th over - 0 runs, 0 hits, 0 errors, 1 left on base; ACL Kansas City 2 - ACL Ottawa 4
TOP OF THE 5TH
ACL Kansas City Royals batting - Pitching for ACL Ottawa Lynx : RHP Juan Maldonado
Batting: RHB Tacito Lombardo 0-0: Called Strike
0-1: Foul Ball, location: 3F
0-2: Ball
1-2: Strikes out swinging
Batting: RHB Mike Pruitt 0-0: Ball
1-0: Called Strike
1-1: Ball
2-1: Swinging Strike
2-2: Ball
3-2: Foul Ball, location: 9LSF
3-2: Foul Ball, location: 2F
3-2: Ground out 4-3 (Groundball, 34D, EV 103.1 MPH)
Batting: RHB Dave Hewitt 0-0: SOLO HOME RUN (Line Drive, 8LXD, EV 111.3 MPH), Distance : 440 ft
Batting: LHB Cal Miner 0-0: DOUBLE (Flyball, 8LXD, EV 94.4 MPH)
Batting: RHB Jermaine Sullivan 0-0: Called Strike
0-1: Called Strike
0-2: Strikes out looking
Top of the 5th over - 1 run, 2 hits, 0 errors, 1 left on base; ACL Kansas City 3 - ACL Ottawa 4
BOTTOM OF THE 5TH
ACL Ottawa Lynx batting - Pitching for ACL Kansas City Royals : RHP Jesús Tobías
Batting: RHB Pat Lee 0-0: SINGLE (Groundball, 4MD, EV 96.3 MPH)
Batting: RHB Bert Gutiérrez 0-0: Called Strike
0-1: Called Strike
0-2: Ball
1-2: Strikes out swinging
Batting: RHB Joey Oldknow 0-0: Ball
1-0: Foul Ball, location: 9LDF
1-1: Ball
2-1: Called Strike
2-2: Strikes out swinging
Pat Lee steals 2nd base
Batter strikes out.
Batting: RHB Ed Collier 0-0: Ball
1-0: Foul Ball, location: 25F
1-1: Ball
2-1: Foul Ball, location: 2F
2-2: Foul Ball, location: 9LMF
2-2: 2-RUN HOME RUN (Flyball, 9D, EV 92.5 MPH), Distance : 361 ft
Pitching: RHP Cisco Díaz
Batting: RHB Kevin Lucas 0-0: Foul Ball, location: 2F
0-1: Foul Ball, location: 25F
0-2: Ball
1-2: Ball
2-2: Strikes out looking
Bottom of the 5th over - 2 runs, 2 hits, 0 errors, 0 left on base; ACL Kansas City 3 - ACL Ottawa 6
TOP OF THE 6TH
ACL Kansas City Royals batting - Pitching for ACL Ottawa Lynx : RHP Juan Maldonado
Batting: LHB Abdul-Jalil bin Hilel 0-0: Called Strike
0-1: TRIPLE (Flyball, 89XD, EV 95.0 MPH)
Batting: RHB Rob Shelton 0-0: Called Strike
0-1: Called Strike
0-2: Ball
1-2: Ball
2-2: Strikes out swinging
Batting: RHB Jon Ramey 0-0: Ball
1-0: Ground out 6-3 (Groundball, 6S, EV 65.6 MPH)
Abdul-Jalil bin Hilel scores
Batting: LHB Sammy Cervantes 0-0: Swinging Strike
0-1: Foul Ball, location: 3FF
0-2: Ball
1-2: SINGLE (Groundball, 34, EV 100.0 MPH)
Pitching: RHP José Núñez
Pinch Hitting: RHB Tony Nieto 0-0: Ball
1-0: Ball
2-0: Ball
3-0: Base on Balls
Sammy Cervantes to second
Pinch Hitting: RHB Marc Picot 0-0: Ball
1-0: Ball
2-0: Foul Ball, location: 2F
2-1: Ball
3-1: Base on Balls
Sammy Cervantes to third
Tony Nieto to second
Batting: RHB Dave Hewitt 0-0: Ball
1-0: Ball
2-0: Ball
3-0: Base on Balls
Sammy Cervantes scores
Tony Nieto to third
Marc Picot to second
Pinch Hitting: SHB Ernesto Ortíz 0-0: Foul Ball, location: 25F
0-1: Called Strike
0-2: Foul Ball, location: 3F
0-2: Foul Ball, location: 7LDF
0-2: Strikes out swinging
Top of the 6th over - 2 runs, 2 hits, 0 errors, 3 left on base; ACL Kansas City 5 - ACL Ottawa 6
BOTTOM OF THE 6TH
ACL Ottawa Lynx batting - Pitching for ACL Kansas City Royals : RHP Cisco Díaz
Now at 3B: Jesús González
Now at SS: José Colón
Now in CF: Tony Nieto
Batting: RHB Yvon Fleury 0-0: Foul Ball, location: 3SF
0-1: Foul Ball, location: 2F
0-2: Strikes out swinging
Batting: LHB Wally Snow 0-0: Ball
1-0: TRIPLE (Flyball, 7LD, EV 101.9 MPH)
Batting: LHB Orlando Martínez 0-0: Ball
1-0: Ground out 4-3 (Groundball, 4, EV 103.1 MPH)
Batting: SHB Ken Warner 0-0: Called Strike
0-1: Ball
1-1: Foul Ball, location: 7LSF
1-2: Strikes out swinging
Bottom of the 6th over - 0 runs, 1 hit, 0 errors, 1 left on base; ACL Kansas City 5 - ACL Ottawa 6
TOP OF THE 7TH
ACL Kansas City Royals batting - Pitching for ACL Ottawa Lynx : RHP José Núñez
Pinch Hitting: SHB Manny Castro 0-0: Ball
1-0: Foul Ball, location: 5FF
1-1: Swinging Strike
1-2: Ball
2-2: Ball
3-2: Base on Balls
Pitching: RHP John Ashton
Batting: LHB Abdul-Jalil bin Hilel 0-0: Ball
1-0: Ball
2-0: Fielders Choice at 2nd, 1-6 (Groundball, 13S, EV 73.1 MPH)
Pinch Hitting: RHB Andy Lyons 0-0: Ball
1-0: Swinging Strike
1-1: Called Strike
1-2: Strikes out swinging
Batting: RHB Jon Ramey 0-0: Foul Ball, location: 9LDF
0-1: Called Strike
0-2: Foul Ball, location: 2F
0-2: Ball
1-2: Ball
2-2: Strikes out looking
Top of the 7th over - 0 runs, 0 hits, 0 errors, 1 left on base; ACL Kansas City 5 - ACL Ottawa 6
BOTTOM OF THE 7TH
ACL Ottawa Lynx batting - Pitching for ACL Kansas City Royals : RHP Cisco Díaz
Now at 1B: José Colón
Now at SS: Manny Castro
Now in RF: Andy Lyons
Batting: RHB Pat Lee 0-0: Called Strike
0-1: Ground out 1-3 (Groundball, 13S, EV 72.5 MPH)
Batting: RHB Bert Gutiérrez 0-0: Swinging Strike
0-1: Ball
1-1: Swinging Strike
1-2: Strikes out swinging
Batting: RHB Joey Oldknow 0-0: Called Strike
0-1: Called Strike
0-2: Foul Ball, location: 2F
0-2: Fly out, F8 (Flyball, 78M, EV 76.3 MPH)
Bottom of the 7th over - 0 runs, 0 hits, 0 errors, 0 left on base; ACL Kansas City 5 - ACL Ottawa 6
TOP OF THE 8TH
ACL Kansas City Royals batting - Pitching for ACL Ottawa Lynx : RHP John Ashton
Batting: LHB Sammy Cervantes 0-0: Ground out 4-3 (Groundball, 4, EV 90.0 MPH)
Batting: RHB Tony Nieto 0-0: Called Strike
0-1: Ground out U3 (Groundball, 3, EV 76.9 MPH)
Batting: RHB José Colón 0-0: Ball
1-0: Called Strike
1-1: Ball
2-1: SOLO HOME RUN (Flyball, 78XD, EV 100.6 MPH), Distance : 410 ft
Batting: RHB Dave Hewitt 0-0: Ball
1-0: Ball
2-0: Foul Ball, location: 9LSF
2-1: Foul Ball, location: 2F
2-2: DOUBLE (Line Drive, 89XD, EV 108.1 MPH)
Batting: RHB Jesús González 0-0: Ball
1-0: Called Strike
1-1: Swinging Strike
1-2: Ball
2-2: Ball
3-2: Ground out 6-3 (Groundball, 6, EV 83.8 MPH)
Top of the 8th over - 1 run, 2 hits, 0 errors, 1 left on base; ACL Kansas City 6 - ACL Ottawa 6
BOTTOM OF THE 8TH
ACL Ottawa Lynx batting - Pitching for ACL Kansas City Royals : RHP Cisco Díaz
Batting: RHB Ed Collier 0-0: Called Strike
0-1: Foul Ball, location: 2F
0-2: Foul Ball, location: 9LSF
0-2: Ball
1-2: Ball
2-2: Ball
3-2: Strikes out swinging
Pinch Hitting: RHB Steve Scott 0-0: Swinging Strike
0-1: Ball
1-1: Ball
2-1: Called Strike
2-2: Foul Ball, location: 9LSF
2-2: Strikes out swinging
Batting: RHB Yvon Fleury 0-0: Swinging Strike
0-1: Ball
1-1: Called Strike
1-2: Strikes out looking
Bottom of the 8th over - 0 runs, 0 hits, 0 errors, 0 left on base; ACL Kansas City 6 - ACL Ottawa 6
TOP OF THE 9TH
ACL Kansas City Royals batting - Pitching for ACL Ottawa Lynx : RHP John Ashton
Pitching: RHP Jorge Reyes
Now at C: Chris Lott
Batting: SHB Manny Castro 0-0: SINGLE (Groundball, P, EV 91.9 MPH) (infield hit)
Pinch Hitting: RHB José Solíz 0-0: Sac Bunt to 13 - play at first, batter OUT! 1-3
Manny Castro to second
Batting: RHB Andy Lyons 0-0: Intentional Walk
Pinch Hitting: LHB Juan Valdés 0-0: Ball
1-0: Ball
2-0: Ball
3-0: Called Strike
3-1: Base on Balls
Manny Castro to third
Andy Lyons to second
Batting: LHB Sammy Cervantes 0-0: Called Strike
0-1: Swinging Strike
0-2: Foul Ball, location: 2F
0-2: Ball
1-2: Ball
2-2: Strikes out swinging
Batting: RHB Tony Nieto 0-0: Ball
1-0: Ball
2-0: Foul Ball, location: 7LSF
2-1: Called Strike
2-2: Ball
Wild Pitch!
Manny Castro scores
Andy Lyons to third
Juan Valdés to second
3-2: Foul Ball, location: 3SF
3-2: Strikes out looking
Top of the 9th over - 1 run, 1 hit, 0 errors, 2 left on base; ACL Kansas City 7 - ACL Ottawa 6
BOTTOM OF THE 9TH
ACL Ottawa Lynx batting - Pitching for ACL Kansas City Royals : RHP Cisco Díaz
Pitching: RHP Tony Hale
Now at C: José Solíz
Now in LF: Juan Aguirre
Batting: LHB Wally Snow 0-0: Called Strike
0-1: Foul Ball, location: 5SF
0-2: Ball
1-2: Strikes out swinging
Batting: LHB Orlando Martínez 0-0: Foul Ball, location: 5FF
0-1: Ground out 4-3 (Groundball, 34, EV 105.0 MPH)
Pinch Hitting: SHB Doug Shaw 0-0: Ball
1-0: Ball
2-0: Swinging Strike
2-1: Ball
3-1: Foul Ball, location: 23F
3-2: Foul Ball, location: 9LMF
3-2: Foul Ball, location: 5DF
3-2: Foul Ball, location: 2F
3-2: Foul Ball, location: 25FF
3-2: Strikes out swinging
Bottom of the 9th over - 0 runs, 0 hits, 0 errors, 0 left on base; ACL Kansas City 7 - ACL Ottawa 6
Friday, April 26th , 2024 - OOTP Baseball 24.10 Build 82